 Dungeon Crawl Stone Soup version 0.21.0-24-g2553a33 (webtiles) character file.

21 Monsterracer the Skirmisher (level 2, 8/31 HPs)
             Began as an Ogre Enchanter on Jan 21, 2018.
             Was an Initiate of Makhleb.
             Quit the game on level 2 of the Dungeon.
             The game lasted 00:01:25 (986 turns).

Monsterracer the Skirmisher (Ogre Enchanter)         Turns: 986, Time: 00:01:25

Health: 8/31       AC:  3    Str: 11    XL:     2   Next: 87%
Magic:  5/5        EV: 10    Int: 16    God:    Makhleb [......]
Gold:   20         SH:  0    Dex:  9    Spells: 4/5 levels left

rFire    . . .     SeeInvis .   a - +1 dagger
rCold    . . .     Gourm    .   (no shield)
rNeg     . . .     Faith    .   b - +0 robe
rPois    .         Spirit   .   (helmet restricted)
rElec    .         Reflect  .   (no cloak)
rCorr    .         Harm     .   (gloves unavailable)
MR       .....                  (boots unavailable)
Stlth    ++........             (no amulet)
HPRegen  0.10/turn              (no ring)
MPRegen  0.09/turn              (no ring)

@: lethally poisoned (8 -> -7)
A: large, unfitting armour, tough skin 1
a: Renounce Religion


You were on level 2 of the Dungeon.
You worshipped Makhleb.
Makhleb was noncommittal.
You were not hungry.

You visited 1 branch of the dungeon, and saw 2 of its levels.

You collected 20 gold pieces.

Inventory:

Hand Weapons
 a - a +1 dagger (weapon)
 g - a +0 spear
Armour
 b - a +0 robe (worn)
Scrolls
 d - a scroll of identify
 e - a scroll of remove curse
Comestibles
 c - a ration


   Skills:
 - Level 3.2 Fighting
 - Level 0.8 Short Blades
 + Level 0.0 Polearms
 - Level 1.7 Dodging
 - Level 2.1 Stealth
 - Level 2.4 Spellcasting
 - Level 2.6 Hexes


You had 4 spell levels left.
You knew the following spells:

 Your Spells              Type           Power        Failure   Level  Hunger
a - Corona                Hex            ##.....      7%          1    #......


Dungeon Overview and Level Annotations

Branches:
Dungeon (2/15)

Altars:
Makhleb

Annotations:
D:2 Terence


Innate Abilities, Weirdness & Mutations

You are too large for most types of armour.
You have tough skin. (AC +1)


Message History

There is an open door, spattered with blood here.
You see here 2 stones.
You see here 2 stones.
There is a stone staircase leading down here.
You climb downwards.
An adder and Terence come into view.
The adder hisses angrily.
There is a stone staircase leading up here.
As you read the scroll labeled YVIBOMOMOS, it crumbles to dust.
It is a scroll of identify.
e - a scroll of remove curse The adder bites you.
* * * LOW HITPOINT WARNING * * *
You are poisoned.
The adder poisons you!
You take 1 damage, and have 13/31 hp.
As you read the scroll labeled TIUX EL YNE, it crumbles to dust.
You feel strangely unstable.
It was a scroll of teleportation.
You feel sick.
Terence shouts!
The adder bites you but does no damage.
Terence zaps a wand.
You hear a grinding noise.
It is a wand of digging (13).
A rat comes into view.
You take 1 damage, and have 12/31 hp.
Okay, then.
A rat comes into view.
The adder bites you.
* * * LOW HITPOINT WARNING * * *
You take 1 damage, and have 11/31 hp.
You feel sick. The adder closely misses you.
You take 1 damage, and have 10/31 hp.
Your surroundings suddenly seem different.
Found a stone staircase leading down.
You start resting.
You feel sick. x5
You are no longer poisoned.
You take 3 damage, and have 7/31 hp.
You start resting.
An adder comes into view.
You regained 19 hp, and now have 26/31 hp.
Unknown command.
Found a whip.
Found a burning altar of Makhleb.
Found a stone staircase leading up.
The adder hisses angrily.
There is a burning altar of Makhleb here.
Things that are here:
a whip; a robe You kneel at the altar of Makhleb.
Makhleb welcomes you!
You completely miss the adder. The adder bites you.
You are poisoned.
The adder poisons you!
You take 2 damage, and have 25/31 hp.
You hit the adder.
The adder is lightly wounded.
You feel sick.
The adder bites you but does no damage. x2
You take 1 damage, and have 24/31 hp.
You miss the adder.
The adder is lightly wounded.
The adder bites you.
You are more poisoned.
The adder poisons you!
You take 2 damage, and have 22/31 hp.
You are too injured to fight recklessly!
You barely miss the adder.
The adder is lightly wounded.
You feel sick. The adder bites you.
You are more poisoned.
The adder poisons you!
You take 1 damage, and have 21/31 hp.
You are too injured to fight recklessly!
You miss the adder.
The adder is lightly wounded.
You feel sick. The adder bites you.
You take 2 damage, and have 19/31 hp.
You miss the adder.
The adder is lightly wounded.
You feel sick. The adder bites you but does no damage.
You take 1 damage, and have 18/31 hp.
You barely miss the adder.
The adder is lightly wounded.
You feel sick. The adder barely misses you. The adder bites you.
* * * LOW HITPOINT WARNING * * *
You are lethally poisoned!
The adder poisons you!
You take 4 damage, and have 14/31 hp.
You hit the adder.
The adder is heavily wounded.
* * * LOW HITPOINT WARNING * * *
You feel sick. The adder bites you.
* * * LOW HITPOINT WARNING * * *
You take 3 damage, and have 11/31 hp.
You hit the adder.
The adder is almost dead.
* * * LOW HITPOINT WARNING * * *
You feel sick. The adder bites you.
* * * LOW HITPOINT WARNING * * *
You take 3 damage, and have 8/31 hp.
You aren't carrying any potions.
Okay, then.
Are you sure you want to abandon this character and quit the game? (Confirm with "yes".)

### #<# #.#
##.##
#####...######
#>....@.......
#.##..S.######
#.##........
#............
#########.....
..... ....
....


You could see an adder.

Vanquished Creatures
  A leopard gecko (D:1)
  A bat (D:1)
  A giant cockroach (D:1)
  5 goblins (D:1)
  3 jackals (D:1)
  4 kobolds (D:1)
  4 rats (D:1)
19 creatures vanquished.

Notes
Turn   | Place    | Note
-------+----------+-------------------------------------------
     0 | D:1      | Monsterracer the Ogre Enchanter began the quest for the Orb.
     0 | D:1      | Reached XP level 1. HP: 16/16 MP: 3/3
    54 | D:1      | Reached skill level 1 in Fighting
    67 | D:1      | HP: 9/19 [kobold (1)]
   274 | D:1      | Reached skill level 2 in Fighting
   283 | D:1      | Reached XP level 2. HP: 28/28 MP: 5/5
   620 | D:1      | Reached skill level 3 in Fighting
   699 | D:1      | HP: 15/31 [hobgoblin/club (3)]
   722 | D:1      | HP: 11/31 [hobgoblin/club (4)]
   754 | D:2      | Noticed Terence
   755 | D:2      | HP: 13/31 [adder (1)]
   760 | D:2      | HP: 10/31 [poisoned by an adder]
   768 | D:2      | HP: 8/31 [poisoned by an adder]
   776 | D:2      | HP: 7/31 [poisoned by an adder]
   968 | D:2      | Found a burning altar of Makhleb.
   976 | D:2      | Became a worshipper of Makhleb the Destroyer
   983 | D:2      | HP: 14/31 [adder (3)]
   986 | D:2      | Quit the game

Skill      XL: |  1  2 |
---------------+-------+-----
Fighting       | 2 3 |  3.2
Short Blades   | |  0.8
Dodging        | |  1.7
Stealth        | |  2.1
Spellcasting   | |  2.4
Hexes          | |  2.6

Action                   || total
-------------------------++-------
Melee: Dagger            ||    79
  Use: Scroll            ||     2
 Stab: Sleeping          ||     2
Armor: Robe              ||    20
Dodge: Dodged            ||    40

Vault maps used:
D:1:      sevenhm_arrival_forest_fort_large_2
D:2:      serial_corexii_hall, corexii_hall_statues_t, corexii_hall_statues_s,
          corexii_hall_statues_x, bloody_makhleb, uniq_terence
